AoeStats
← Bob

Hideout

507760082Analyzed
1v1 RM · 12d ago on Sep 19, 2026· 42m 40s· 2 players
Game mode
Random Map
Map size
Tiny (2 player)
Population
200
Speed
Normal
Resources
Standard
Victory
Conquest
Starting age
Dark Age
Ending age
Imperial Age
RankedLock teamsTeams togetherTeam positionsShared explorationLock speedFull tech treeHidden civsTurbo modeCheats
Victory
Defeat
🇺🇸 Malay · United States
838
+16
🇹🇷 Spanish · Türkiye
833
-16
IIronBlood
10:30 Feudal Age
9:02 Loom
11:32 Double-Bit Axe
12:12 Horse Collar
16:29 Town Watch
19:29 Castle Age
18:16 Scale Barding Armor
18:06 Gold Mining
19:42 Forging
20:13 Bloodlines
20:21 Husbandry
21:51 Pikeman
Bob
8:33 Loom
11:01 Feudal Age
17:23 Castle Age
16:11 Double-Bit Axe
16:46 Forging
20:45 Scale Barding Armor
22:37 Wheelbarrow
22:48 Iron Casting
22:48 Horse Collar
24:09 Man-at-Arms
25:32 Long Swordsman
28:09 Hand Cart
32:59 Ballistics
32:53 Murder Holes
39:58 Imperial Age
40:06 Conscription
41:38 Chemistry
41:12 Two-Handed Swordsman
44:00 Blast Furnace
Connection lost

Rejoining the realm…

Still unreachable

The connection could not be restored.

Session expired

The server has moved on; the page needs a fresh start.